 Seeded DCSS version 0.31-a0-229-g1fc7ce93e2 (webtiles) character file.

Game seed: 13275427502194390118 (custom seed)

18 rocky1 the Digger (level 2, -1/19 HPs)
             Began as a Demonspawn Earth Elementalist on July 7, 2023.
             Slain by Jessica
             ... wielding a +0 club
              (6 damage)
             ... on level 2 of the Dungeon.
             The game lasted 00:01:40 (881 turns).

rocky1 the Digger (Demonspawn Earth Elementalist)    Turns: 881, Time: 00:01:41

Health: -1/19      AC:  2    Str:  8    XL:     2   Next: 51%
Magic:  3/5        EV: 12    Int: 16    God:
Gold:   13         SH:  0    Dex: 13    Spells: 4/5 levels left

rFire   . . .        (no weapon)
rCold   . . .        (no shield)
rNeg    . . .        a - +0 robe
rPois   .            (no helmet)
rElec   .            (no cloak)
rCorr   .            (no gloves)
SInv    .            (no boots)
Will    .....        (no amulet)
Stlth   ++           (no ring)
HPRegen 0.23/turn    (no ring)
MPRegen 0.18/turn

%: no passive effects
@: no status effects
A: magic regeneration
a: no special abilities


You were on level 2 of the Dungeon.
You visited 1 branch of the dungeon, and saw 2 of its levels.

You collected 13 gold pieces.

Inventory:

Armour
 a - a +0 robe (worn)
Jewellery
 c - a +6 ring of strength
Scrolls
 d - a scroll of teleportation {unknown}
 e - a scroll of silence {unknown}
 f - a scroll of summoning {unknown}
Potions
 b - a potion of magic


   Skills:
 - Level 1.7 Dodging
 - Level 1.7 Stealth
 + Level 2.1 Spellcasting
 - Level 0.8 Transmutations
 * Level 0.1 Ice Magic
 * Level 3.4 Earth Magic


You had 4 spell levels left.
You knew the following spells:

 Your Spells              Type           Power      Damage    Failure   Level
a - Sandblast             Erth           24%        2d8       4%          1

Your spell library contained the following spells:

 Spells                   Type           Power      Damage    Failure   Level
 Passwall                 Tmut/Erth      6%         N/A       13%         2
 Stone Arrow              Conj/Erth      14%        3d7       30%         3
 Ozocubu's Armour         Ice            2%         N/A       50%         3
 Petrify                  Tmut/Erth      8%         N/A       63%         4
 Metabolic Englaciation   Hex/Ice        1%         N/A       99%         5
 Simulacrum               Ice/Necr       1%         N/A       100%        6


Dungeon Overview and Level Annotations

Branches:
Dungeon (2/15)

Altars:

Shops:
D:1 :==[

Annotations:
D:2 Jessica


Innate Abilities, Weirdness & Mutations

You regenerate magic rapidly.


Message History

Press: ? - help, Q - select action Shift-Dir - straight line, f - you
Okay, then.
Aiming: Sandblast (safe; 5% risk of failure)
Press: ? - help, Q - select action Shift-Dir - straight line, f - dart slug
Aim: a dart slug (100% to hit)
The blast of sand hits the dart slug!
The dart slug is severely wounded.
Unknown command.
Aiming: Sandblast (safe; 5% risk of failure)
Press: ? - help, Q - select action Shift-Dir - straight line, f/p - dart slug
Aim: a dart slug (severely wounded, 100% to hit)
The blast of sand hits the dart slug!
You kill the dart slug!
Unknown command.
You start resting.
Magic restored.
Jessica the Apprentice Sorceress comes into view.
She is wielding a +0 club and wearing a +0 robe of resistance.
Jessica gestures wildly while chanting.
Jessica seems to speed up.
Found a stone staircase leading up.
Aiming: Sandblast (safe; 4% risk of failure)
Press: ? - help, Q - select action Shift-Dir - straight line, f - Jessica
Aim: Jessica, wielding a +0 club and wearing a +0 robe of resistance (fast, 82% to hit)
The blast of sand hits Jessica.
Jessica is lightly wounded.
Jessica points at you and mumbles some strange words.
Pain shoots through your body!
Jessica points at you and mumbles some strange words.
Pain shoots through your body!
* * * LOW HITPOINT WARNING * * *
A frilled lizard comes into view.
Aiming: Sandblast (safe; 4% risk of failure)
Press: ? - help, Q - select action Shift-Dir - straight line, f/p - Jessica
Aim: Jessica, wielding a +0 club and wearing a +0 robe of resistance (lightly wounded, fast, 82% to hit)
The blast of sand hits Jessica.
Jessica is heavily wounded.
The frilled lizard hisses angrily.
You hear a shout!
Jessica hits you with a +0 club.
You die...

............#
.........<..###.
.................
..............##.
.....†......#....
##...#......####.
........#........
....#####....(...
......@@.........
<....l###........
..... #........
.... #........
... .###.##.# ..
. ..... . . ####
##


You could see Jessica (fast) and a frilled lizard.

Vanquished Creatures
  A dart slug (D:2)
  3 bats (D:1)
  2 giant cockroaches
  2 goblins (D:1)
  2 kobolds (D:1)
  2 quokkas
  A ball python (D:1)
  A rat (D:1)
14 creatures vanquished.

Notes
Turn   | Place    | Note
-------+----------+-------------------------------------------
     0 | D:1      | rocky1 the Demonspawn Earth Elementalist began the quest
                  | for the Orb.
     0 | D:1      | Reached XP level 1. HP: 13/13 MP: 3/3
    10 | D:1      | Found Onlezats's Jewellery Emporium.
   192 | D:1      | Reached skill level 3 in Earth Magic
   255 | D:1      | Gained mutation: You regenerate magic rapidly. [demonic
                  | ancestry]
   255 | D:1      | Reached XP level 2. HP: 19/19 MP: 0/5
   406 | D:1      | Found Saufiugh's Armour Emporium.
   434 | D:1      | Found Obocek's Jewellery Boutique.
   575 | D:1      | Found Zyuqykanwy's Book Shop.
   876 | D:2      | Noticed Jessica
   881 | D:2      | Slain by Jessica

Illustrated notes

Levels and vault maps discovered:
D:1:      erik_arrival_blinker_ship, layout_loops_ring, serial_shops, shop,
          shop, shop, nicolae_shop_rolling_square
D:2:      layout_rooms, ebering_ecumenical_altar_hall, basic_altar,
          uniq_natasha, uniq_jessica

Skill      XL: |  1 |
---------------+----+-----
Earth Magic    | 3 |  3.4
Dodging        | |  1.7
Stealth        | |  1.7
Spellcasting   | |  2.1
Transmutations | |  0.8
Ice Magic      | |  0.1

Action                     || total
---------------------------++-------
   Cast: Sandblast         ||    22
 Armour: Robe              ||     4
  Dodge: Dodged            ||     3

Table legend: (Time is in decaauts)
 A = Elapsed time spent in this place.
 B = Non-inter-level travel time spent in this place.
 C = Inter-level travel time spent in this place.
 D = Time resting spent in this place.
 E = Time spent auto-exploring this place.
 F = Levels seen in this place.
 G = Mean time per level.
                   A        B        C        D        E       F      G
               +--------+--------+--------+--------+--------+-----+--------+
         Total |    893 |    878 |     15 |    282 |    498 |   2 |  446.5 |
       Dungeon |    893 |    878 |     15 |    282 |    498 |   2 |  446.5 |
               +--------+--------+--------+--------+--------+-----+--------+

Top non-repeatable levels by time:
     D:1: 853 daAuts
     D:2: 40 daAuts
